 Dungeon Crawl Stone Soup version 0.31-a0-848-gaac375c287 (webtiles) character file.

Game seed: 13552886823351958481

88 Dirtsage the Chopper (level 4, 0/35 HPs)
             Began as a Demonspawn Fighter on Oct 5, 2023.
             Killed by nerve-wracking pain
             ... invoked by an orc priest
              (11 damage)
             ... on level 3 of the Dungeon.
             The game lasted 00:03:11 (1405 turns).

Dirtsage the Chopper (Demonspawn Fighter)           Turns: 1405, Time: 00:03:12

Health: 0/35       AC:  9    Str: 18    XL:     4   Next: 30%
Magic:  4/4        EV:  9    Int:  9    God:
Gold:   46         SH:  4    Dex: 13    Spells: 3/3 levels left

rFire   . . .        a - +0 war axe
rCold   . . .        c - +0 buckler
rNeg    . . .        b - +0 scale mail
rPois   .            (no helmet)
rElec   .            (no cloak)
rCorr   .            n - +0 pair of gloves
SInv    .            (no boots)
Will    .....        (no amulet) Stlth
                     (no ring)
HPRegen 0.25/turn    (no ring)
MPRegen 0.09/turn

%: no passive effects
@: no status effects
A: icy blue scales 1, demonic guardian 1
a: no special abilities


You were on level 3 of the Dungeon.
You visited 1 branch of the dungeon, and saw 3 of its levels.

You collected 79 gold pieces.
You spent 33 gold pieces at shops.

Inventory:

Hand Weapons
 a - a +0 war axe (weapon)
Armour
 b - a +0 scale mail (worn)
 c - a +0 buckler (worn)
 n - a +0 pair of gloves (worn)
Scrolls
 e - a scroll of immolation {unknown}
 g - a scroll of fear {unknown}
 i - a scroll of vulnerability {unknown}
 j - a scroll of noise {unknown}
 l - a scroll of identify {unknown}
 m - a scroll of revelation {unknown}
Potions
 d - a potion of might
 f - a potion of brilliance {unknown}
 h - a potion of degeneration {unknown}
 k - a potion of heal wounds {unknown}
 q - a potion of curing


   Skills:
 - Level 3.0 Fighting
 + Level 4.2 Axes
 - Level 2.6 Armour
 - Level 2.6 Shields


You had 3 spell levels left.
You didn't know any spells.
Your spell library was empty.

Dungeon Overview and Level Annotations

Branches:
Dungeon (3/15)

Altars:

Shops:
D:2 [[!


Innate Abilities, Weirdness & Mutations

You are partially covered in icy blue scales. (AC +2)
A weak demonic guardian rushes to your aid.


Message History

You closely miss the goblin. The goblin hits you but does no damage.
The orc hits you but does no damage. The orc closely misses you.
The orc hits you but does no damage. The orc hits you with a +0 hand axe.
The goblin hits you with a +0 dagger. The orc hits you but does no damage.
You take 5 damage, and have 12/35 hp.
You closely miss the orc. x2; You hit the goblin.
You kill the goblin!
You hit the giant cockroach. You hit the orc.
The giant cockroach barely misses you. You block the orc's attack.
The orc hits you with a +0 club.
* * * LOW HITPOINT WARNING * * *
The orc hits you but does no damage.
The giant cockroach bites you but does no damage.
You take 2 damage, and have 10/35 hp.
You hit the orc priest.
The orc priest is lightly wounded.
You barely miss the orc. You closely miss the orc. x2
You hit the giant cockroach. The orc barely misses you.
You block the giant cockroach's attack. The orc barely misses you.
The orc priest hits you but does no damage.
The orc barely misses you.
You hit the orc priest.
The orc priest is heavily wounded.
You hit the orc. You slash the orc!
You kill the orc!
You closely miss the giant cockroach. You hit the orc.
You kill the orc!
You block the giant cockroach's attack. The orc priest closely misses you.
The orc hits you but does no damage.
The giant cockroach bites you but does no damage.
The orc hits you but does no damage.
The orc priest hits you but does no damage.
You closely miss the orc priest.
The orc priest is heavily wounded.
You hit the giant cockroach but do no damage.
You hit the orc.
The giant cockroach bites you but does no damage.
The orc priest calls down the wrath of Beogh upon you.
Pain shoots through your body!
You die...

#.....###.#
#...#..# #
#...###
#.#.....#
#.#.###.#
####...###.#
............##
.........B...#
#......)@).#..#
#.(..$.)oo.# .#
#.............
#..........$....
#...............
...............
...............
...............


You could see an orc priest, an orc and a giant cockroach.

Vanquished Creatures
  3 adders (D:2)
  A worm (D:2)
  2 orcs (D:3)
  5 ball pythons
  6 bats
  6 endoplasms
  3 giant cockroaches
  4 goblins
  4 hobgoblins
  3 jackals (D:1)
  2 quokkas
  4 frilled lizards
  9 kobolds
  2 rats
54 creatures vanquished.

Notes
Turn   | Place    | Note
-------+----------+-------------------------------------------
     0 | D:1      | Dirtsage the Demonspawn Fighter began the quest for the
                  | Orb.
     0 | D:1      | Reached XP level 1. HP: 18/18 MP: 1/1
    29 | D:1      | Reached skill level 2 in Axes
    95 | D:1      | You fall into a shaft and drop 1 floor!
   118 | D:2      | Gained mutation: A weak demonic guardian rushes to your
                  | aid. [demonic ancestry]
   118 | D:2      | Reached XP level 2. HP: 18/24 MP: 2/2
   242 | D:1      | Reached skill level 3 in Axes
   418 | D:1      | Gained mutation: You are partially covered in icy blue
                  | scales. (AC +2) [demonic ancestry]
   418 | D:1      | Reached XP level 3. HP: 29/29 MP: 3/3
   463 | D:1      | Found a faded altar of an unknown god.
   605 | D:2      | Found Ynnorycw's Antique Armour Boutique.
   689 | D:2      | Found Ustriajerorgh's Armour Boutique.
   714 | D:2      | Found Deuh's Distillery.
   723 | D:2      | Bought a potion of curing for 33 gold pieces
  1045 | D:2      | Reached XP level 4. HP: 35/35 MP: 4/4
  1152 | D:2      | Reached skill level 4 in Axes
  1405 | D:3      | Killed from afar by an orc priest

Illustrated notes

Levels and vault maps discovered:
D:1:      ncdulo_smallfort, layout_rooms,
          hellmonk_ecumenical_altar_heavens_door,
          hangedman_decor_diamond_cutter, minmay_pentomino_v2
D:2:      layout_loops_ring, serial_shops, nicolae_shop_advertising_works
          [nicolae_subvault_shop_adworks], shop, shop
D:3:      layout_rooms, tso_altar, uniq_ijyb

Skill      XL: |  1  2  3  4 |
---------------+-------------+-----
Axes           | 2 3 4 |  4.2
Fighting       | |  3.0
Armour         | |  2.6
Shields        | |  2.6

Action                     |  1- 3 |  4- 6 || total
---------------------------+-------+-------++-------
  Melee: War axe           |    91 |    28 ||   119
 Armour: Scale mail        |    50 |    37 ||    87
  Dodge: Dodged            |    37 |    30 ||    67
  Block: Buckler           |    32 |    13 ||    45

Table legend: (Time is in decaauts)
 A = Elapsed time spent in this place.
 B = Non-inter-level travel time spent in this place.
 C = Inter-level travel time spent in this place.
 D = Time resting spent in this place.
 E = Time spent auto-exploring this place.
 F = Levels seen in this place.
 G = Mean time per level.
                   A        B        C        D        E       F      G
               +--------+--------+--------+--------+--------+-----+--------+
         Total |   1448 |   1404 |     44 |      0 |   1100 |   3 |  482.7 |
       Dungeon |   1448 |   1404 |     44 |      0 |   1100 |   3 |  482.7 |
               +--------+--------+--------+--------+--------+-----+--------+

Top non-repeatable levels by time:
     D:2: 843 daAuts
     D:1: 533 daAuts
     D:3: 71 daAuts
